 Dungeon Crawl Stone Soup version 0.20-a0-736-gd3249da (webtiles) character file.

612625 AlphabetPasta the Metallomancer (level 27, -10/281 HPs)
             Began as an Ogre Earth Elementalist on Feb 20, 2017.
             Was the Champion of Vehumet.
             Killed from afar by a quicksilver dragon (22 damage)
             ... with a bolt of dispelling energy
             ... on level 2 of the Realm of Zot on Feb 22, 2017.
             The game lasted 12:19:54 (96265 turns).

AlphabetPasta the Metallomancer (OgEE)             Turns: 96265, Time: 12:19:55

Health: -10/281    AC: 13    Str: 20    XL:     27
Magic:  57/69      EV: 15    Int: 32    God:    Vehumet [******]
Gold:   5920       SH: 15    Dex:  9    Spells: 7/71 levels left

rFire    + . .     SeeInvis +   p - staff of power
rCold    + . .     Gourm    .   A - +1 troll leather armour of Valiance {rPois rN+ Regen+}
rNeg     + . .     Faith    .   f - +5 shield
rPois    +         Spirit   .   X - +2 hat {SInv}
rElec    .         Reflect  .   c - +2 cloak {MR+}
rCorr    .         Harm     .   (gloves unavailable)
MR       +++..                  (boots unavailable)
Stlth    +.........             M - amulet of magic regeneration
Regen    1.0/turn               Q - ring "Gaguer" {rF+ Int+3}
MPRegen  0.7/turn               d - ring of Guggupus {rC+ Int+4}

@: very slightly contaminated
A: unfitting armour, high mp 1, robust 1, tough skin 1
}: 3/15 runes: decaying, silver, gossamer
a: Renounce Religion


You were on level 2 of the Realm of Zot.
You worshipped Vehumet.
Vehumet was exalted by your worship.
You were not hungry.

You visited 10 branches of the dungeon, and saw 48 of its levels.
You visited the Abyss 1 time.
You also visited: Labyrinth, Trove, Bailey and Ice Cave.

You collected 7443 gold pieces.
You spent 1523 gold pieces at shops.

Inventory:

Hand Weapons
 i - a +6 demon trident of draining
Missiles
 t - 914 stones (quivered)
Armour
 c - a +2 cloak of magic resistance (worn)
 f - a +5 shield (worn)
 A - the +1 troll leather armour of Valiance (worn) {rPois rN+ Regen+}
   (You took it off a deep elf elementalist on level 3 of the Elven Halls)

   It protects you from poison.
   It protects you from negative energy.
   It increases your rate of regeneration.
 X - a +2 hat of see invisible (worn)
Magical Staves
 j - an uncursed staff of air
 p - an uncursed staff of power (weapon)
 E - an uncursed staff of earth
Jewellery
 d - the ring of Guggupus (left hand) {rC+ Int+4}
   (You found it on level 9 of the Dungeon)

   [ring of protection from cold]

   It affects your intelligence (+4).
   It protects you from cold.
 e - an uncursed ring of protection from magic
 k - an uncursed ring of flight
 C - an uncursed ring of resist corrosion
 M - an amulet of magic regeneration (around neck)
 Q - the ring "Gaguer" (right hand) {rF+ Int+3}
   (You found it on level 1 of the Lair of Beasts)

   [ring of protection from fire]

   It affects your intelligence (+3).
   It protects you from fire.
 Z - the ring of Juna {rElec rF- rC++ rN+++ EV+2}
   (You found it on level 5 of the Vaults)

   [ring of evasion]

   It affects your evasion (+2).
   It makes you vulnerable to fire.
   It greatly protects you from cold.
   It insulates you from electricity.
   It renders you almost immune to negative energy.
Wands
 m - a wand of scattershot (5/9)
 r - a wand of flame (21/48)
 y - a wand of digging (15/24)
 F - a wand of paralysis (10/24)
 H - a wand of confusion (7/48)
 O - a wand of disintegration (4/24)
 T - a wand of paralysis (4/24)
 V - a wand of iceblast (2/15)
 W - a wand of acid (0/15)
Scrolls
 l - 20 scrolls of remove curse
 n - a scroll of summoning
 o - 5 scrolls of magic mapping
 q - 5 scrolls of enchant armour
 u - 16 scrolls of teleportation
 x - a scroll of blinking
 D - 22 scrolls of identify
 G - 2 scrolls of silence
 K - 8 scrolls of recharging
 N - 7 scrolls of fog
 U - 5 scrolls of fear
Potions
 h - 7 potions of flight
 s - 4 potions of haste
 z - 5 potions of cancellation
 B - 2 potions of magic
 I - 3 potions of brilliance
 J - 11 potions of curing
 P - 7 potions of ambrosia
 S - 8 potions of agility
 Y - 6 potions of might
Books
 a - a book of Annihilations

   Spells                             Type                      Level
   a - Poison Arrow                   Conjuration/Poison           6
   b - Chain Lightning                Conjuration/Air              8
   c - Lehudib's Crystal Spear        Conjuration/Earth            8
   d - Glaciate                       Conjuration/Ice              9
   e - Fire Storm                     Conjuration/Fire             9
Comestibles
 g - 16 meat rations
 w - a bread ration


   Skills:
 - Level 12.0 Fighting
 - Level 8.1 Polearms
 - Level 9.0 Armour
 + Level 12.7 Dodging
 - Level 1.4 Stealth
 - Level 9.0 Shields
 * Level 22.8 Spellcasting
 - Level 16.3 Conjurations
 - Level 7.1 Charms
 - Level 8.0 Transmutations
 - Level 11.0 Ice Magic
 - Level 12.0 Air Magic
 * Level 23.6 Earth Magic
 - Level 6.1 Evocations


You had 7 spell levels left.
You knew the following spells:

 Your Spells              Type           Power        Failure   Level  Hunger
a - Sandblast             Erth           ######       0%          1    None
b - Passwall              Tmut/Erth      #######...   0%          2    None
c - Stone Arrow           Conj/Erth      ######       0%          3    None
d - Petrify               Tmut/Erth      #######.     0%          4    None
e - Lee's Rapid Deconstr  Erth           ########..   0%          5    None
f - Mephitic Cloud        Conj/Pois/Air  #######.     1%          3    None
g - Freezing Cloud        Conj/Ice/Air   #######...   1%          6    None
h - Airstrike             Air            #######...   1%          4    None
i - Deflect Missiles      Chrm/Air       #######...   3%          6    None
j - Iron Shot             Conj/Erth      ########..   1%          6    None
k - Fireball              Conj/Fire      ######....   1%          5    None
l - Lehudib's Crystal Sp  Conj/Erth      ########..   1%          8    ###....
m - Blink                 Tloc           N/A          1%          2    None
n - Shatter               Erth           ########..   2%          9    #####..


Dungeon Overview and Level Annotations

Branches:
Dungeon (15/15)            Temple (1/1) D:6            Lair (6/6) D:9
  Swamp (4/4) Lair:4       Spider (4/4) Lair:4        Slime (0/5) Lair:5
    Orc (2/2) D:12            Elf (3/3) Orc:2        Vaults (5/5) D:13
  Crypt (0/3) Vaults:2     Depths (5/5) D:15            Zot (3/5) Depths:5

Altars:
Ashenzari
Cheibriados
Dithmenos
Elyvilon
Fedhas
Gozag
Hepliaklqana
Kikubaaqudgha
Makhleb
Nemelex Xobeh
Okawaru
Qazlal
Ru
Sif Muna
Trog
Uskayaw
Vehumet
Wu Jian
Xom
Yredelemnul
Zin
The Shining One
Beogh

Shops:
D:11 !   Orc:2 [?}}   Vaults:2 =   Vaults:3 =   Vaults:5 !!?   Depths:2 *=
Depths:3 }=}*

Portals:
Hell: Depths:1 Depths:2 Depths:3 Depths:4 Depths:5
Abyss: Depths:2 Depths:4
Pandemonium: Depths:1 Depths:3 Depths:4
Ziggurat: Depths:5

Annotations:
Elf:2 1 runed door
Vaults:4 !Mennas, 2 exclusions, Mennas


Innate Abilities, Weirdness & Mutations

You are too large for most types of armour.
You have tough skin. (AC +1)
You have an increased reservoir of magic. (+10% MP)
You are robust. (+10% HP)


Message History

Okay, then.
Casting: Lehudib's Crystal Spear
Confirm with . or Enter, or press ? or * to list all spells.
You blink.
Casting: Blink
Confirm with . or Enter, or press ? or * to list all spells.
You blink.
Casting: Blink
Confirm with . or Enter, or press ? or * to list all spells.
You blink.
Casting: Blink
Confirm with . or Enter, or press ? or * to list all spells.
Aiming: Lehudib's Crystal Spear
Press: ? - help, Shift-Dir - straight line, f - quicksilver dragon
Aim: a quicksilver dragon (translocational energy, moderately wounded, catching its breath)
The crystal spear hits the quicksilver dragon.
The quicksilver dragon is almost dead.
The quicksilver dragon breathes dispelling energy at you.
The bolt of dispelling energy hits you!
You die...

*<* #.# #.# #.# #.####** #.#..,,,
#.#.####
*********#################.#.#...
,,,,,,,,,.......@.D...†>.........
,,,,,,,,*##############.##.#.####
,,,,,,,,* #....#...,. ,,,,,,,,*
#.######### ,,,,,,,,* #..,,,,,,,,
,,,,,,,,* **********#.#********
,,,,,,,,* *,,,,,,,,,..# ,,,,,,,,*
*,,,,,,,,,.=# *********
*,,,,,,,,,,,*


You could see a quicksilver dragon.

Vanquished Creatures
  An ancient lich (Vaults:5)
  An orb of fire (Zot:2)
  A juggernaut (Depths:5)
  Sojobo (Depths:4)
  the Lernaean hydra (Swamp:4)
  Saint Roka (Depths:3)
  5 golden dragons
  Nikola (Swamp:4)
  A bone dragon (Depths:5)
  Jorgrun (Spider:3)
  8 tentacled monstrosities
  2 deep elf master archers (Elf:3)
  3 quicksilver dragons
  3 liches
  Asterion (Spider:3)
  3 deep elf blademasters
  The ghost of Kaishin the Cloud Mage, an adept TeAE of Sif Muna (Spider:4)
  5 sphinxes
  Gastronok (Lair:3)
  9 death cobs
  9 tengu reavers
  Kirke (Elf:1)
  A tentacled starspawn (Abyss:3)
  A shadow dragon (shapeshifter) (Vaults:5)
  6 storm dragons
  3 shadow dragons
  Roxanne (Swamp:1)
  4 draconian monks
  14 fire giants
  2 orc warlords
  8 frost giants
  Louise (Spider:1)
  4 deep elf sorcerers
  5 ghost moths
  2 iron dragons
  3 draconian knights
  11 vault wardens
  A draconian scorcher (Zot:3)
  6 draconian shifters
  13 emperor scorpions
  Aizul (Vaults:2)
  7 deep elf elementalists
  5 spriggan defenders
  The ghost of unimpressed the Severer, a journeyman GrGl of Trog (Orc:1)
  3 draconian stormcallers
  20 ironheart preservers
  2 war gargoyles (Vaults:5)
  6 deep elf demonologists
  38 very ugly things
  4 entropy weavers
  24 stone giants
  3 green draconians
  5 vampire knights
  4 yellow draconians
  2 black draconians
  5 red draconians
  A dire elephant (Lair:6)
  3 purple draconians
  A white draconian (Depths:5)
  Azrael (Spider:1)
  7 deep elf annihilators
  8 spark wasps
  14 ettins
  9 deep elf death magi
  17 fire dragons
  7 mummy priests (Depths:2)
  A crystal guardian (Vaults:5)
  A fire dragon (shapeshifter) (Vaults:5)
  A merfolk impaler (Depths:3)
  5 deep elf high priests
  2 jiangshi (Depths:4)
  A minotaur (Lab)
  10 great orbs of eyes
  Erolcha (Orc:2)
  22 ogre magi
  14 ice dragons
  17 yaktaur captains
  7 rakshasas
  28 vault guards
  26 hydras
  3 spriggan air magi
  A monstrous demonspawn (Depths:1)
  4 death knights
  A catoblepas (Lair:6)
  2 ghost crabs
  9 alligators
  46 two-headed ogres
  10 centaur warriors
  10 death yaks
  7 tengu warriors
  14 deep troll earth magi
  31 dancing weapons
  18 deep troll shamans
  5 spriggan berserkers
  5 thrashing horrors
  35 spriggans
  5 vampire magi
  A shock serpent (shapeshifter) (Vaults:5)
  24 deep elf knights
  Nergalle (D:11)
  2 fire crabs (shapeshifter)
  2 sixfirhies
  2 sun demons
  Sonja (D:11)
  18 iron trolls
  3 wretched stars
  7 hell knights (Depths:5)
  4 shadow wraiths
  An unseen horror (shapeshifter) (Vaults:5)
  6 skeletal warriors
  A torturous demonspawn (Depths:1)
  6 glowing orange brains
  The ghost of AlphabetPasta the Arsonist, a novice DgFE (D:7)
  9 spriggan druids
  A shadow demon (Depths:4)
  2 shadow dragon zombies (Vaults:5)
  A deep troll (shapeshifter) (Vaults:5)
  20 deep elf archers
  45 deep trolls
  8 phantasmal warriors
  11 harpies
  8 necromancers
  4 shambling mangroves
  2 flayed ghosts
  9 swamp dragons
  19 ironbrand convokers
  6 wizards
  55 wolf spiders
  A mana viper (shapeshifter) (Vaults:4)
  7 cyclopes
  20 orc knights
  41 ugly things
  72 deep elf magi
  2 oklob plants (Lair:1)
  A human zombie (Vaults:5)
  2 worldbinders (Abyss:3)
  24 orb spiders
  10 orc sorcerers
  3 manticores
  A manticore (shapeshifter) (D:13)
  A cyclops (shapeshifter) (Vaults:4)
  A moth of wrath (shapeshifter) (D:12)
  11 moths of wrath
  A guardian serpent (Elf:2)
  13 elephants
  A rust devil (Depths:4)
  5 smoke demons
  2 ice statues (IceCv)
  3 black mambas (shapeshifter)
  A guardian serpent (shapeshifter) (Vaults:2)
  A water nymph (shapeshifter) (Vaults:4)
  19 vault sentinels
  Psyche (D:8)
  3 torpor snails
  A water nymph (Abyss:3)
  7 black mambas
  A gargoyle (D:10)
  A titan simulacrum (Vaults:5)
  3 rime drakes
  A spiny frog (shapeshifter) (Vaults:3)
  28 spiny frogs
  5 yaktaurs (shapeshifter)
  6 komodo dragons
  10 ice devils
  A kobold demonologist (D:11)
  3 tormentors
  23 demonic crawlers
  10 freezing wraiths
  47 yaktaurs
  A queen bee (D:8)
  A red devil (Depths:1)
  2 tengu conjurers
  2 hellwings
  34 hornets
  2 trolls (shapeshifter)
  45 jumping spiders
  2 polar bears
  3 meliai (D:15)
  A guardian mummy (Depths:2)
  A jumping spider (shapeshifter) (Depths:4)
  A polar bear (shapeshifter) (Depths:5)
  5 trolls
  18 blink frogs
  7 tyrant leeches
  Prince Ribbit (Temple)
  3 small abominations
  11 bog bodies
  5 raiju
  A slime creature (shapeshifter) (Vaults:2)
  71 slime creatures
  12 hippogriffs
  A fire giant simulacrum (Vaults:2)
  66 redbacks
  A snapping turtle (shapeshifter) (Vaults:5)
  Sigmund (D:6)
  2 redbacks (shapeshifter)
  4 shadows
  6 wraiths
  11 water elementals
  2 ynoxinuls
  2 flying skulls (Abyss:3)
  7 air elementals
  46 tarantellas
  2 tarantellas (shapeshifter)
  2 spriggans (shapeshifter)
  6 wyverns
  A dire elephant simulacrum (Abyss:2)
  46 yaks
  5 hogs (Elf:1)
  2 fire bats (Abyss:2)
  3 hungry ghosts
  2 fire elementals
  2 chaos spawn
  A neqoxec (Depths:1)
  6 basilisks
  Menkaure (D:6)
  A steam dragon (D:14)
  22 swamp worms
  5 wargs
  24 vampire mosquitoes
  4 insubstantial wisps (Swamp:2)
  7 large abominations
  A swamp worm (shapeshifter) (Vaults:2)
  6 acid dragons
  2 floating eyes
  17 water moccasins
  62 orc warriors
  4 hell hounds (Spider:1)
  23 swamp drakes
  2 hornet zombies
  10 porcupines
  4 ice beasts
  4 black bears
  2 eyes of draining
  A necrophage (D:9)
  3 sky beasts
  19 boggarts
  7 phantoms
  14 wolves
  64 ogres
  16 centaurs
  18 crocodiles
  3 big kobolds
  2 elf zombies (Elf:1)
  16 bullfrogs
  2 gnoll sergeants (D:7)
  4 earth elementals
  6 scorpions
  3 troll zombies (D:12)
  28 killer bees
  5 howler monkeys
  18 wights
  11 crimson imps
  3 quasits
  3 centaur zombies
  3 draconian simulacra (IceCv)
  3 human simulacra
  3 bullfrog zombies
  6 hounds
  A hound (shapeshifter) (Vaults:1)
  2 iron imps
  8 jellies
  36 orc wizards
  24 orc priests
  Natasha (thrice) (D:4)
  2 bullfrog skeletons (D:8)
  3 centaur skeletons
  6 iguanas
  15 worker ants
  2 troll simulacra (IceCv)
  A centaur simulacrum (IceCv)
  3 ogre zombies (D:12)
  2 hound skeletons (D:6)
  2 mummies (Depths:2)
  28 gnolls
  18 adders
  3 naga simulacra (IceCv)
  An ogre simulacrum (IceCv)
  7 shadow imps
  4 ufetubi
  4 oozes
  An adder skeleton (D:8)
  3 worms
  A worm (shapeshifter) (Vaults:3)
  2 dart slugs
  4 leopard geckos
  119 orcs
  A ball python (D:1)
  2 bats
  4 giant cockroaches
  23 hobgoblins
  3 jackals (D:2)
  4 quokkas
  4 frilled lizards
  30 goblins
  2 goblin zombies (D:12)
  A hobgoblin zombie (D:12)
  2 jackal skeletons
  17 kobolds
  16 orc zombies (D:12)
  A quokka skeleton (D:4)
  9 rats
  5 plants
2707 creatures vanquished.

Vanquished Creatures (others)
  A deep elf mage (Elf:2)
  A jumping spider (Spider:4)
  28 bushes
  17 fungi
  167 plants
214 creatures vanquished.

Grand Total: 2921 creatures vanquished

Notes
Turn   | Place    | Note
-------+----------+-------------------------------------------
     0 | D:1      | AlphabetPasta the Ogre Earth Elementalist began the quest for the Orb.
     0 | D:1      | Reached XP level 1. HP: 16/16 MP: 3/3
   356 | D:1      | Reached skill level 3 in Earth Magic
   356 | D:1      | Reached XP level 2. HP: 16/24 MP: 2/5
   360 | D:1      | Learned a level 2 spell: Passwall
  1308 | D:2      | Reached XP level 3. HP: 31/31 MP: 5/7
  1313 | D:2      | Learned a level 3 spell: Stone Arrow
  2087 | D:2      | Reached XP level 4. HP: 40/40 MP: 4/8
  2092 | D:2      | Reached skill level 1 in Conjurations
  2262 | D:2      | Reached skill level 1 in Fighting
  2810 | D:3      | Reached skill level 4 in Earth Magic
  2884 | D:3      | Reached XP level 5. HP: 35/48 MP: 4/10
  3170 | D:3      | Found a sacrificial altar of Ru.
  3407 | D:4      | Noticed an ogre
  3416 | D:4      | Killed an ogre
  3416 | D:4      | Reached XP level 6. HP: 35/57 MP: 1/11
  3754 | D:4      | Reached skill level 5 in Earth Magic
  3839 | D:4      | Noticed Natasha
  3866 | D:4      | Killed Natasha
  4076 | D:4      | Found a glowing golden altar of the Shining One.
  4247 | D:4      | Reached XP level 7. HP: 55/67 MP: 3/13
  4579 | D:4      | Reached skill level 1 in Polearms
  4730 | D:4      | Noticed Natasha
  4734 | D:4      | Killed Natasha
  4860 | D:4      | Noticed Natasha
  4863 | D:4      | Killed Natasha
  5042 | D:5      | Entered Level 5 of the Dungeon
  5253 | D:5      | Found a bloodstained altar of Trog.
  5391 | D:5      | Found a white marble altar of Elyvilon.
  5572 | D:4      | Reached skill level 6 in Earth Magic
  5890 | D:5      | Reached XP level 8. HP: 74/75 MP: 15/15
  6002 | D:6      | Noticed Menkaure
  6060 | D:5      | Reached skill level 5 in Spellcasting
  6242 | D:6      | Noticed Sigmund
  6245 | D:6      | Noticed Prince Ribbit
  6448 | D:6      | Killed Sigmund
  6810 | D:6      | Reached skill level 7 in Earth Magic
  6945 | D:6      | Killed Menkaure
  7214 | D:6      | Found a staircase to the Ecumenical Temple.
  7219 | Temple   | Entered the Ecumenical Temple
  7255 | Temple   | Became a worshipper of Vehumet
  7319 | D:6      | Reached XP level 9. HP: 47/81 MP: 13/17
  7740 | Temple   | Killed Prince Ribbit
  7933 | D:7      | Found a stormy altar of Qazlal.
  7950 | D:6      | Learned a level 3 spell: Stone Arrow
  8375 | D:7      | Reached skill level 8 in Earth Magic
  8375 | D:7      | Reached skill level 1 in Evocations
  8759 | D:7      | Reached * piety under Vehumet
  8759 | D:7      | Offered knowledge of Sting by Vehumet.
  8856 | D:7      | Reached skill level 1 in Armour
  8856 | D:7      | Reached skill level 5 in Conjurations
  9057 | D:7      | Noticed AlphabetPasta's ghost (novice DgFE)
 10343 | D:7      | Killed AlphabetPasta's ghost
 10343 | D:7      | Reached skill level 9 in Earth Magic
 10343 | D:7      | Reached XP level 10. HP: 91/91 MP: 4/21
 10349 | D:7      | Learned a level 4 spell: Petrify
 10355 | D:7      | Learned a level 5 spell: Lee's Rapid Deconstruction
 11234 | D:8      | Reached ** piety under Vehumet
 11234 | D:8      | Offered knowledge of Searing Ray by Vehumet.
 11413 | D:8      | Reached skill level 1 in Shields
 11920 | D:8      | Noticed Psyche
 12166 | D:8      | Got a fine robe
 12177 | D:8      | Identified the +1 robe "Feuhar" {rF+++ MR- rCorr Str-5} (You took it off an orc on level 8 of the Dungeon)
 12471 | D:8      | Found a glowing golden altar of the Shining One.
 12471 | D:8      | Found a sparkling altar of Nemelex Xobeh.
 12472 | D:8      | Found an ancient bone altar of Kikubaaqudgha.
 12509 | D:8      | Offered knowledge of Mephitic Cloud by Vehumet.
 12514 | D:8      | Learned a level 3 spell: Mephitic Cloud
 12550 | D:8      | Reached skill level 10 in Earth Magic
 12818 | D:8      | Killed Psyche
 12818 | D:8      | Reached XP level 11. HP: 74/97 MP: 9/23
 12909 | D:9      | Reached *** piety under Vehumet
 12952 | D:9      | Found a staircase to the Lair.
 13680 | D:9      | Offered knowledge of Fulminant Prism by Vehumet.
 14192 | D:9      | Got a wavering amber ring
 14194 | D:9      | Identified the ring of Guggupus {rC+ Int+4} (You found it on level 9 of the Dungeon)
 14780 | D:10     | Entered Level 10 of the Dungeon
 14855 | D:10     | Reached **** piety under Vehumet
 14901 | D:10     | Offered knowledge of Inner Flame by Vehumet.
 15021 | D:10     | Reached skill level 11 in Earth Magic
 15103 | D:10     | Learned a level 6 spell: Freezing Cloud
 15664 | D:11     | Found a flagged portal.
 15684 | Bailey   | Entered a bailey
 16239 | Bailey   | Reached skill level 1 in Ice Magic
 16323 | Bailey   | Reached ***** piety under Vehumet
 16323 | Bailey   | Offered knowledge of Orb of Destruction by Vehumet.
 16325 | Bailey   | Noticed an orc warlord
 16366 | Bailey   | Killed an orc warlord
 16366 | Bailey   | Reached skill level 1 in Air Magic
 16366 | Bailey   | Reached XP level 12. HP: 52/107 MP: 19/25
 16738 | Bailey   | Reached skill level 10 in Spellcasting
 16738 | Bailey   | Reached XP level 13. HP: 114/114 MP: 25/27
 16877 | Bailey   | Identified a scroll of acquirement
 16954 | D:11     | Found Seesm's Distillery.
 16974 | D:11     | Bought a potion of lignification for 39 gold pieces
 16974 | D:11     | Bought a potion of magic for 104 gold pieces
 16974 | D:11     | Bought a potion of ambrosia for 104 gold pieces
 16974 | D:11     | Bought a potion of brilliance for 52 gold pieces
 16992 | D:11     | Noticed Nergalle
 16998 | D:11     | Killed Nergalle
 17402 | D:11     | Noticed Sonja
 17405 | D:11     | Killed Sonja
 17475 | D:11     | Reached skill level 5 in Shields
 17931 | D:12     | Found a frozen archway.
 17960 | IceCv    | Entered an ice cave
 18331 | IceCv    | Reached skill level 5 in Air Magic
 18453 | IceCv    | Reached skill level 5 in Ice Magic
 19221 | D:12     | Found a staircase to the Orcish Mines.
 19228 | D:12     | Offered knowledge of Poison Arrow by Vehumet.
 19229 | D:12     | Reached skill level 12 in Earth Magic
 19496 | D:12     | Reached skill level 5 in Fighting
 20082 | Lair:1   | Entered Level 1 of the Lair of Beasts
 20251 | Lair:1   | Found a labyrinth entrance.
 20268 | Lab      | Entered a labyrinth
 20675 | Lab      | Noticed a minotaur
 20682 | Lab      | Killed a minotaur
 21548 | Lair:1   | Got a transparent iron ring
 21553 | Lair:1   | Identified the ring "Gaguer" {rF+ Int+3} (You found it on level 1 of the Lair of Beasts)
 21561 | Lair:1   | Learned a level 4 spell: Airstrike
 22079 | Lair:2   | Reached XP level 14. HP: 127/127 MP: 21/29
 22880 | Lair:3   | Noticed Gastronok
 23101 | Lair:3   | Reached skill level 5 in Polearms
 23518 | Lair:3   | Killed Gastronok
 24479 | Lair:4   | Offered knowledge of Iskenderun's Battlesphere by Vehumet.
 24735 | Lair:4   | Found a staircase to the Swamp.
 25179 | Lair:4   | Found a hole to the Spider Nest.
 25423 | Lair:4   | You fall through a shaft!
 26249 | Lair:5   | Found a staircase to the Slime Pits.
 26284 | Lair:5   | Learned a level 6 spell: Deflect Missiles
 26663 | Lair:6   | Entered Level 6 of the Lair of Beasts
 26796 | Lair:5   | Reached skill level 13 in Earth Magic
 28233 | Lair:6   | Reached skill level 5 in Dodging
 28710 | Lair:6   | Reached XP level 15. HP: 116/133 MP: 24/31
 28928 | Lair:6   | Offered knowledge of Irradiate by Vehumet.
 31221 | Orc:1    | Entered Level 1 of the Orcish Mines
 31295 | Orc:1    | Noticed unimpressed's ghost (journeyman GrGl)
 32035 | D:13     | Offered knowledge of Ozocubu's Refrigeration by Vehumet.
 32136 | D:13     | Found a gate to the Vaults.
 32174 | D:13     | Reached skill level 14 in Earth Magic
 32378 | D:12     | Noticed a sphinx
 33234 | D:13     | Found a roughly hewn altar of Beogh.
 33235 | D:13     | Reached skill level 10 in Conjurations
 33241 | D:13     | Reached skill level 1 in Transmutations
 34164 | D:15     | Entered Level 15 of the Dungeon
 34321 | D:15     | Offered knowledge of Iron Shot by Vehumet.
 34321 | D:15     | Reached XP level 16. HP: 123/144 MP: 22/33
 34644 | D:15     | HP: 4/144 [two-headed ogre/giant club (16)]
 34649 | D:15     | HP: 4/144 [two-headed ogre/giant spiked club (24)]
 35105 | D:15     | Found a shadowy altar of Dithmenos.
 35890 | D:15     | Upgraded the game from 0.20-a0-700-gbd4582c to 0.20-a0-706-g4c9de2e
 36019 | D:15     | Learned a level 6 spell: Iron Shot
 36643 | D:15     | Found a staircase to the Depths.
 38162 | Swamp:1  | Entered Level 1 of the Swamp
 39361 | Swamp:1  | Noticed Roxanne
 39366 | Swamp:1  | Killed Roxanne
 39515 | Swamp:1  | Reached skill level 5 in Transmutations
 39585 | Swamp:1  | Offered knowledge of Bolt of Fire by Vehumet.
 42021 | Swamp:3  | Reached XP level 17. HP: 152/152 MP: 8/34
 42048 | Swamp:2  | Upgraded the game from 0.20-a0-706-g4c9de2e to 0.20-a0-708-gfb6476c
 42376 | Swamp:2  | Reached skill level 15 in Earth Magic
 43879 | Swamp:4  | Entered Level 4 of the Swamp
 43881 | Swamp:4  | Noticed Nikola
 45131 | Swamp:4  | Killed Nikola
 46172 | Swamp:4  | Reached ****** piety under Vehumet
 46743 | Swamp:4  | Offered knowledge of Lehudib's Crystal Spear by Vehumet.
 46743 | Swamp:4  | Offered knowledge of Fire Storm by Vehumet.
 46743 | Swamp:4  | Offered knowledge of Shatter by Vehumet.
 46771 | Swamp:4  | Noticed the 27-headed Lernaean hydra
 46811 | Swamp:4  | Upgraded the game from 0.20-a0-708-gfb6476c to 0.20-a0-711-gf01b4e9
 47095 | Lair:4   | You fall through a shaft for 2 floors!
 47369 | Spider:1 | Entered Level 1 of the Spider Nest
 48369 | Spider:1 | Reached XP level 18. HP: 152/159 MP: 30/36
 48414 | Spider:1 | Noticed Louise
 48426 | Spider:1 | Killed Louise
 48792 | Spider:1 | Noticed Azrael
 48796 | Spider:1 | Killed Azrael
 50499 | Spider:2 | Reached skill level 16 in Earth Magic
 50749 | Spider:2 | Reached skill level 1 in Charms
 51935 | Spider:2 | Learned a level 5 spell: Fireball
 52533 | Spider:3 | Noticed Asterion
 52537 | Spider:3 | Killed Asterion
 52842 | Spider:3 | Noticed Jorgrun
 52861 | Spider:3 | Killed Jorgrun
 53784 | Spider:4 | Entered Level 4 of the Spider Nest
 53798 | Spider:4 | Reached XP level 19. HP: 167/167 MP: 27/37
 54802 | Spider:4 | Reached skill level 10 in Ice Magic
 54856 | Spider:4 | Noticed Kaishin's ghost (adept TeAE)
 55204 | Orc:1    | Killed unimpressed's ghost
 55204 | Orc:1    | Reached skill level 15 in Spellcasting
 55609 | Orc:2    | Entered Level 2 of the Orcish Mines
 55977 | Orc:2    | Found a staircase to the Elven Halls.
 56264 | Orc:2    | Noticed Erolcha
 56268 | Orc:2    | Killed Erolcha
 56445 | Orc:2    | Found Kaan's Antique Armour Boutique.
 56600 | Orc:2    | Found an ancient bone altar of Kikubaaqudgha.
 56604 | Orc:2    | Found Uxaoclog's Magic Scroll Boutique.
 56753 | Orc:2    | Found a radiant altar of Vehumet.
 56869 | Orc:2    | Found a roughly hewn altar of Beogh.
 56920 | Orc:2    | Found Hylehy's Gadget Shop.
 56924 | Orc:2    | Found Pacutune's Gadget Boutique.
 57271 | Swamp:4  | Upgraded the game from 0.20-a0-711-gf01b4e9 to 0.20-a0-721-g7b2f801
 57308 | Swamp:4  | Killed the 27-headed Lernaean hydra
 57554 | Swamp:4  | Got a decaying rune of Zot
 57640 | Swamp:4  | Reached skill level 17 in Earth Magic
 57889 | Vaults:1 | Entered Level 1 of the Vaults
 58465 | Vaults:1 | Reached skill level 10 in Air Magic
 58549 | Vaults:1 | Reached skill level 5 in Armour
 59649 | Vaults:1 | Reached XP level 20. HP: 183/183 MP: 36/39
 60943 | Vaults:2 | Found a staircase to the Crypt.
 61340 | Vaults:2 | Noticed Aizul
 61346 | Vaults:2 | Killed Aizul
 62652 | Vaults:2 | Found Kobulug's Jewellery Shoppe.
 63370 | Vaults:3 | Reached skill level 18 in Earth Magic
 63535 | Vaults:3 | Reached XP level 21. HP: 197/197 MP: 41/41
 63581 | Vaults:3 | Reached skill level 10 in Fighting
 64172 | Vaults:3 | Found Kaadib's Jewellery Shop.
 67608 | Vaults:4 | Noticed Mennas
 68167 | Vaults:3 | Learned a level 8 spell: Lehudib's Crystal Spear
 68167 | Vaults:3 | Upgraded the game from 0.20-a0-721-g7b2f801 to 0.20-a0-728-g23e1c25
 68241 | Vaults:1 | Reached XP level 22. HP: 206/206 MP: 42/42
 68525 | Spider:4 | Killed Kaishin's ghost
 69223 | Spider:4 | Reached skill level 5 in Evocations
 69807 | Spider:4 | Reached skill level 19 in Earth Magic
 70715 | Spider:4 | Got a gossamer rune of Zot
 71103 | Elf:1    | Entered Level 1 of the Elven Halls
 71796 | Elf:1    | Identified the Disquisition on Darkness
 72044 | Elf:1    | Noticed Kirke
 72047 | Elf:1    | Killed Kirke
 72877 | Elf:2    | Learned a level 2 spell: Blink
 73007 | Elf:2    | Found a runed door.
 73030 | Elf:2    | Found a runed door.
 74197 | Elf:2    | Reached XP level 23. HP: 206/219 MP: 23/44
 74590 | Elf:2    | Upgraded the game from 0.20-a0-728-g23e1c25 to 0.20-a0-731-gecde0bf
 74591 | Elf:3    | Entered Level 3 of the Elven Halls
 74965 | Elf:3    | Got a fine silver ring
 74967 | Elf:3    | Identified the ring of Mudghui {*Tele Str+2} (You took it off a deep elf high priest on level 3 of the Elven Halls)
 75034 | Elf:3    | Identified the +1 troll leather armour of Valiance {rPois rN+ Regen+} (You took it off a deep elf elementalist on level 3 of the Elven Halls)
 75278 | Elf:3    | Found a portal to a secret trove of treasure.
 75736 | Elf:3    | Identified the +3 helmet of the Dungeon {Str+3} (You found it on level 3 of the Elven Halls)
 76386 | Depths:1 | Entered Level 1 of the Depths
 76679 | Depths:1 | Reached skill level 5 in Charms
 77017 | Depths:1 | Found a one-way gate leading to the halls of Pandemonium.
 77221 | Depths:1 | Reached skill level 20 in Earth Magic
 77859 | Depths:1 | Found a gateway to Hell.
 78644 | Depths:2 | Found Kucuucwi's General Store.
 78788 | Depths:2 | Reached XP level 24. HP: 228/228 MP: 44/44
 78802 | Depths:2 | Found a one-way gate to the infinite horrors of the Abyss.
 79190 | Depths:2 | Found Quceukypn's Jewellery Shop.
 80728 | Depths:2 | Reached skill level 15 in Conjurations
 80889 | Depths:2 | Upgraded the game from 0.20-a0-731-gecde0bf to 0.20-a0-733-gf92fd71
 81895 | Depths:3 | Found Kudox's Jewellery Shop.
 81905 | Depths:3 | Noticed Saint Roka
 82083 | Depths:3 | Killed Saint Roka
 82103 | Depths:3 | Found Kygit's Gadget Emporium.
 82112 | Depths:3 | Found Robbuty's Gadget Emporium.
 82125 | Depths:3 | Bought a wand of scattershot (5/9) for 540 gold pieces
 82601 | Depths:3 | Found Ovvacesy's Assorted Antiques.
 82611 | Depths:3 | Bought an encrusted moonstone ring for 180 gold pieces
 82611 | Depths:3 | Bought a blackened lead wand for 144 gold pieces
 82819 | Depths:3 | HP: 6/231 [cyan very ugly thing (24)]
 83639 | Depths:4 | Noticed Sojobo
 83898 | Depths:3 | Reached XP level 25. HP: 239/239 MP: 45/45
 84459 | Depths:4 | Reached skill level 21 in Earth Magic
 86359 | Depths:5 | Entered Level 5 of the Depths
 87379 | Elf:3    | You paid a toll of +4 shadow dragon scales to enter a treasure trove
 87380 | Trove    | Entered a treasure trove
 87407 | Trove    | Identified Xojocwi's Handbook of Flamy Darkness
 87410 | Trove    | Identified the Incunabulum of Unholy Clay
 87413 | Trove    | Identified Sif Muna's Thorough Guide to Sorcery
 87416 | Trove    | Identified Sif Muna's Handbook of Arcane Weapons and the Frostbite
 87436 | Trove    | Identified Ebigot's Grimoire of Venom
 88338 | Depths:4 | Killed Sojobo
 89323 | Depths:5 | Got a twitching pewter ring
 89324 | Depths:5 | Identified the ring "Dafooboh" {-Tele rPois rF+ rN+} (You acquired it on level 5 of the Depths)
 89346 | Depths:5 | Found a gate to the Realm of Zot.
 89483 | Depths:5 | Found a gateway to a ziggurat.
 89839 | Depths:4 | Reached XP level 26. HP: 248/248 MP: 43/46
 90100 | Depths:5 | Noticed a juggernaut
 90109 | Depths:5 | Killed a juggernaut
 90663 | Depths:4 | Reached skill level 10 in Dodging
 91587 | Depths:4 | Learned a level 9 spell: Shatter
 91588 | Depths:4 | Voluntarily entered the Abyss.
 92067 | Abyss:2  | Upgraded the game from 0.20-a0-733-gf92fd71 to 0.20-a0-736-gd3249da
 92128 | Abyss:3  | Gained mutation: Scrolls take you a little longer to read. [a cacodemon]
 92146 | Abyss:3  | Found a corrupted altar of Lugonu.
 92147 | Abyss:3  | Found a corrupted altar of Lugonu.
 92452 | Abyss:3  | Reached skill level 22 in Earth Magic
 92467 | Depths:4 | Escaped the Abyss
 92925 | Vaults:5 | Entered Level 5 of the Vaults
 92945 | Vaults:5 | Reached XP level 27. HP: 242/256 MP: 19/48
 93262 | Vaults:5 | Noticed an ancient lich
 93272 | Vaults:5 | Killed an ancient lich
 93446 | Vaults:5 | Reached skill level 23 in Earth Magic
 93606 | Vaults:5 | Identified Gideoc's Volume of Twisted Orientation
 93628 | Vaults:5 | Got a silver rune of Zot
 93644 | Vaults:5 | Identified the +0 robe of the Distant Future {Str+4} (You found it on level 5 of the Vaults)
 93645 | Vaults:5 | Identified the Grimoire of Curses and Confrontation
 93742 | Vaults:5 | Got a pitted amber ring
 93745 | Vaults:5 | Identified the ring of Juna {rElec rF- rC++ rN+++ EV+2} (You found it on level 5 of the Vaults)
 93768 | Vaults:5 | Found Qealuan's Distillery.
 93774 | Vaults:5 | Bought a potion of brilliance for 64 gold pieces
 93774 | Vaults:5 | Bought a potion of magic for 128 gold pieces
 93774 | Vaults:5 | Bought a potion of curing for 48 gold pieces
 93794 | Vaults:5 | Found Xefiv's Magic Scroll Boutique.
 93798 | Vaults:5 | Bought a scroll of blinking for 120 gold pieces
 93812 | Vaults:5 | Found Ipseum's Distillery.
 94539 | Zot:1    | Entered Level 1 of the Realm of Zot
 94976 | Zot:2    | Noticed an orb of fire
 94978 | Zot:2    | Gained mutation: Scrolls take you longer to read. [an orb of fire]
 94980 | Zot:2    | Gained mutation: You tend to lose your temper in combat. [an orb of fire]
 94981 | Zot:2    | Killed an orb of fire
 95323 | D:11     | Lost mutation: Scrolls take you longer to read. [potion of mutation]
 95323 | D:11     | Lost mutation: You tend to lose your temper in combat. [potion of mutation]
 95323 | D:11     | Lost mutation: Scrolls take you a little longer to read. [potion of mutation]
 95323 | D:11     | Gained mutation: You are dopey. (Int -2) [potion of mutation]
 95323 | D:11     | Gained mutation: Your body sometimes deteriorates upon taking damage. [potion of mutation]
 95323 | D:11     | Lost mutation: You are dopey. (Int -2) [potion of mutation]
 95421 | Vaults:2 | Lost mutation: Your body sometimes deteriorates upon taking damage. [potion of mutation]
 95421 | Vaults:2 | Gained mutation: You have a pair of small antennae on your head. [potion of mutation]
 95421 | Vaults:2 | Gained mutation: Scrolls take you a little longer to read. [potion of mutation]
 95421 | Vaults:2 | Gained mutation: Your body sometimes deteriorates upon taking damage. [potion of mutation]
 95421 | Vaults:2 | Gained mutation: You are partially covered in thin metallic scales. (AC +2) [potion of mutation]
 95683 | Lair:3   | Lost mutation: You are partially covered in thin metallic scales. (AC +2) [potion of mutation]
 95683 | Lair:3   | Lost mutation: Your body sometimes deteriorates upon taking damage. [potion of mutation]
 95683 | Lair:3   | Lost mutation: Scrolls take you a little longer to read. [potion of mutation]
 95683 | Lair:3   | Lost mutation: You have a pair of small antennae on your head. [potion of mutation]
 95683 | Lair:3   | Gained mutation: You are robust. (+10% HP) [potion of mutation]
 95683 | Lair:3   | Gained mutation: You have an increased reservoir of magic. (+10% MP) [potion of mutation]
 96259 | Zot:3    | HP: 6/281 [quicksilver dragon/bolt of dispelling energy (31)]
 96265 | Zot:2    | Killed from afar by a quicksilver dragon

Vault maps used:
D:1:      lemuel_arrival_tunnels
D:2:      supply_closet_lemuel
D:3:      nicolae_ru_the_path_less_chosen
D:4:      first_bread, tso_metal_star, uniq_natasha
D:5:      old_standard_altar, lemuel_tele_altar
D:6:      minmay_temple_entry_butterflies, uniq_prince_ribbit1, uniq_menkaure,
          uniq_sigmund
D:7:      kennysheep_housing_project, nicolae_qazlal_style_of_elements
D:8:      gammafunk_temple_overflow_forgotten, david_nohive_1, uniq_psyche
D:9:      minmay_lair_entry_grove
D:10:     grunt_decor_one_mirror
D:11:     enter_bailey_3, serial_shops, shop, uniq_sonja, uniq_nergalle
D:12:     minmay_klotski, zombieorc1_lemuel, portal_ice_cave_entry_pillars_2
D:13:     hangedman_vaults_entry_quadrant_bands, special_room
D:14:     minmay_holes
D:15:     hangedman_depths_entry_civil_slaughter, serial_park_square2,
          nicolae_dithmenos_through_a_glass_darkly
Temple:   regret_index_temple_mists
Lair:1:   lab_entry_generic, infiniplex_staircase_pool_2,
          minmay_lair_oklob_chamber, serial_bayou_shore_b
Lair:2:   wad_woods_structure_01
Lair:3:   uniq_gastronok
Lair:4:   swamp_mist, spider_nest_entry_rubble, grunt_megastairs_2
Lair:5:   nicolae_slime_entry_slimehenge
Lair:6:   grunt_lair_end_beastmaster, serial_bayou_shore_a, grunt_megastairs_1
Swamp:1:  infiniplex_staircase_pool, uniq_roxanne
Swamp:2:  nicolae_swamp_trees_clearing, swamp_pool2
Swamp:3:  evilmike_swamp_ruin_house_3, swamp_pool5
Swamp:4:  swamp_basic_johnstein, uniq_nikola
Spider:1: uniq_azrael, uniq_louise
Spider:2: nicolae_spider_corner, hangedman_spider_tarantella_strand
Spider:3: uniq_asterion, uniq_jorgrun
Spider:4: grunt_spider_rune_circles, spiders_nest_the_unseen
Orc:2:    kennysheep_orc_mage_school, nicolae_orc_crystal_geode, uniq_erolcha
Elf:1:    elf_arrival_002, minmay_elf_necromancy, uniq_kirke
Elf:2:    serial_sigils_hangedman_snap, fake_guardian_serpent_vault
Elf:3:    grunt_elf_hall_branching, trove_entry_hex_spiral, grunt_ministairs_11,
          lemuel_flamethrower_hall
Vaults:1: nicolae_vaults_little_squares_3, v_misc_27, vaults_room_grid,
          vaults_room_stairs_pillars, vaults_room_glass_cross,
          nicolae_vaults_stairing_the_circle, nicolae_vaults_theta, v_rooms_1,
          v_misc_25, hangedman_vaults_restitches, v_misc_29,
          nicolae_vaults_triangles, nicolae_vaults_diagonal_hallway_9,
          vaults_dpeg_diagonal, grunt_vaults_diagonal, ontoclasm_vaults_ligature
Vaults:2: hangedman_vaults_locks, minmay_crypt_entry_simple_sparse,
          dpeg_vaults_monster_row, v_rooms_3, grunt_vaults_bifocal,
          v_alt_pattern_2, vaults_dpeg_hooks, v_misc_31, nicolae_vaults_big_ls,
          vaults_room_hallway, st_more_cells, nicolae_vaults_diagonal_hallway_7,
          serial_shops, shop, uniq_aizul
Vaults:3: v_misc_15, v_pattern_3, vaults_mumra_hex, st_diamondy,
          vaults_dpeg_cross, v_misc_16, nicolae_vaults_little_squares_1,
          serial_shops, shop
Vaults:4: hangedman_vaults_nodes, vaults_room_hangedman_quadrants,
          vaults_dpeg_encased_lava, hangedman_vaults_impose, v_misc_24,
          v_misc_30, nicolae_vaults_network_s, nicolae_vaults_shelves_hall,
          nicolae_vaults_alarming, nicolae_vaults_specimen_jars,
          ontoclasm_vaults_twist, uniq_mennas, uniq_jory
Depths:1: grunt_pan_entry_spiral, serial_bayou_pond_c, pf_dread_powers_of_hell,
          eino_curves_04, kennysheep_generic_room_2
Depths:2: ragdoll_tomb_raider, serial_sigils_hangedman_snap, serial_shops,
          shop_coins, shop, abyss_entry, hell_entry
Depths:3: minmay_spriggan_fort, hell_entry, serial_shops, shop, pan_entry,
          roderic_malta_cross, minmay_shop_grove, infiniplex_staircase_squiggle,
          serial_bayou_shore_b, serial_bayou_shore_b, uniq_saint_roka
Depths:4: kb_forest_paths, minmay_misc_feat_room, grunt_hell_entry_dis_mu,
          abyss_entry, rand_demon_pan_entry_4, minmay_staircase_windowed_small,
          uniq_sojobo
Depths:5: grunt_zot_entry_funnels, enter_ziggurat_e, minmay_misc_feat_ornament,
          hell_entry, minmay_tree_intersection
Zot:1:    grunt_megastairs_3
Zot:2:    st_single_dragon_hoard_4
Abyss:2:  evilmike_abyss_exit_12
Abyss:3:  minivault_11, evilmike_abyss_rune_siren_acolytes
Lab:      labyrinth_hidden_loot, nicolae_lab_grate, nicolae_lab_x
Trove:    trove_library
Bailey:   bailey_axe_minmay_hex_keep, bailey
IceCv:    ice_cave_tombish

Skill      XL: |  1  2  3  4  5  6  7  8  9 10 11 12 13 14 15 16 17 18 19 20 21 22 23 24 25 26 27 |
---------------+----------------------------------------------------------------------------------+-----
Earth Magic    | 3 4 5 6 7 9 10 11 12 13 14 15 16 17 18 19 20 21 22 23 | 23.6
Spellcasting   | 3 4 5 7 8 9 10 11 12 13 14 15 16 17 18 19 21 22 | 22.8
Conjurations   | 1 2 3 4 5 6 7 8 9 10 11 12 13 14 15 16 | 16.3
Fighting       | 1 2 3 4 5 6 7 9 10 11 12 | 12.0
Polearms       | 1 3 4 5 6 7 8 |  8.1
Dodging        | 2 3 4 5 6 7 8 9 11 12 | 12.7
Evocations     | 2 3 4 5 6 |  6.1
Armour         | 1 2 4 5 6 7 8 9 |  9.0
Shields        | 2 3 4 5 6 7 8 9 |  9.0
Ice Magic      | 2 4 5 6 7 8 9 10 11 | 11.0
Air Magic      | 1 4 5 7 8 9 10 11 12 | 12.0
Transmutations | 1 6 8 |  8.0
Charms         | 1 2 3 5 7 |  7.1
Stealth        | |  1.4

Action                   |  1- 3 |  4- 6 |  7- 9 | 10-12 | 13-15 | 16-18 | 19-21 | 22-24 | 25-27 || total
-------------------------+-------+-------+-------+-------+-------+-------+-------+-------+-------++-------
Melee: Unarmed           |   135 |    15 |       |       |       |       |       |       |       ||   150
       Halberd           |       |   112 |   233 |   260 |   172 |     2 |       |       |       ||   779
       Staff             |       |       |       |       |       |    21 |    10 |    31 |    19 ||    81
       Demon trident     |       |       |       |       |       |    19 |     1 |       |       ||    20
 Cast: Sandblast         |    23 |    21 |    18 |    48 |   102 |    98 |    50 |    62 |    44 ||   466
       Stone Arrow       |       |    13 |    95 |   207 |   651 |   508 |   319 |   134 |    16 ||  1943
       Lee's Rapid Decon |       |       |       |    17 |    95 |    31 |   261 |   303 |   189 ||   896
       Petrify           |       |       |       |     2 |    10 |       |     6 |       |       ||    18
       Mephitic Cloud    |       |       |       |     3 |     3 |       |     1 |       |       ||     7
       Airstrike         |       |       |       |       |    18 |   342 |   127 |   280 |   149 ||   916
       Freezing Cloud    |       |       |       |       |    20 |    53 |    41 |    18 |    20 ||   152
       Passwall          |       |       |       |       |     1 |     1 |       |       |       ||     2
       Iron Shot         |       |       |       |       |       |   210 |   207 |   221 |   326 ||   964
       Fireball          |       |       |       |       |       |     8 |    74 |   192 |   100 ||   374
       Deflect Missiles  |       |       |       |       |       |       |     1 |     2 |     5 ||     8
       Lehudib's Crystal |       |       |       |       |       |       |       |     4 |    33 ||    37
       Shatter           |       |       |       |       |       |       |       |       |    41 ||    41
       Blink             |       |       |       |       |       |       |       |       |     6 ||     6
Evoke: Wand              |       |       |    14 |     7 |     1 |    13 |     3 |     4 |     1 ||    43
  Use: Scroll            |     7 |     3 |     8 |    10 |    22 |    18 |    11 |    11 |    21 ||   111
       Potion            |       |       |       |     7 |     9 |    12 |     9 |     9 |    17 ||    63
 Stab: Sleeping          |     1 |     2 |     6 |     5 |     1 |       |       |       |       ||    15
       Distracted        |       |     2 |     1 |     1 |       |       |       |       |       ||     4
       Paralysed         |       |       |       |       |       |    17 |       |    16 |       ||    33
       Invisible         |       |       |       |       |       |       |       |     1 |       ||     1
  Eat: Chunk             |     4 |     7 |    14 |    11 |    39 |    30 |    44 |    27 |    11 ||   187
       Fruit             |       |     1 |     2 |       |     7 |     7 |     2 |     3 |     4 ||    26
       Royal jelly       |       |       |     2 |     2 |     9 |     4 |     1 |     5 |     7 ||    30
       Bread ration      |       |       |     1 |     2 |     1 |     5 |     2 |     2 |     5 ||    18
       Meat ration       |       |       |       |       |       |     6 |     2 |     1 |       ||     9
Armor: Robe              |    52 |    38 |    85 |   112 |   139 |    71 |       |       |       ||   497
       Swamp dragon scal |       |       |       |       |       |   179 |   155 |   132 |    14 ||   480
       Troll leather arm |       |       |       |       |       |       |       |       |    89 ||    89
Dodge: Dodged            |    62 |    74 |   146 |   193 |   223 |   326 |   170 |   169 |   191 ||  1554
       Deflected         |       |       |       |       |       |       |     7 |    18 |    70 ||    95
Block: Shield            |       |       |       |       |       |   148 |   218 |   208 |   240 ||   814
